 Dungeon Crawl Stone Soup version 0.31-a0-799-g6bc09d010c (webtiles) character file.

Game seed: 8704659968081475877

54 Joey1 the Trooper (level 3, -1/33 HPs)
             Began as a Minotaur Fighter on Sept 19, 2023.
             Slain by Sigmund
             ... wielding a +0 scythe of protection
              (8 damage)
             ... on level 2 of the Dungeon.
             The game lasted 00:02:58 (1246 turns).

Joey1 the Trooper (Minotaur Fighter)                Turns: 1246, Time: 00:02:58

Health: -1/33      AC:  8    Str: 22    XL:     3   Next: 66%
Magic:  2/2        EV: 10    Int:  5    God:
Gold:   108        SH:  4    Dex:  9    Spells: 2/2 levels left

rFire   . . .        a - +0 war axe
rCold   . . .        c - +0 buckler
rNeg    . . .        b - +0 scale mail
rPois   .            (helmet restricted)
rElec   .            (no cloak)
rCorr   .            (no gloves)
SInv    .            k - +0 pair of boots
Will    .....        (no amulet) Stlth
                     (no ring)
HPRegen 0.25/turn    (no ring)
MPRegen 0.08/turn

%: no passive effects
@: no status effects
A: horns 2, retaliatory headbutt
a: no special abilities


You were on level 2 of the Dungeon.
You visited 1 branch of the dungeon, and saw 3 of its levels.

You collected 108 gold pieces.

Inventory:

Hand Weapons
 a - a +0 war axe (weapon)
Armour
 b - a +0 scale mail (worn)
 c - a +0 buckler (worn)
 k - a +0 pair of boots (worn)
Scrolls
 e - a scroll of fear {unknown}
 f - a scroll of butterflies {unknown}
 j - 2 scrolls of fog {unknown}
 l - 4 scrolls of teleportation {unknown}
 n - a scroll of acquirement {unknown}
 o - a scroll of identify {unknown}
Potions
 d - a potion of might
 g - a potion of ambrosia {unknown}
 h - a potion of enlightenment {unknown}
 i - a potion of curing {unknown}
 m - a potion of heal wounds {unknown}


   Skills:
 + Level 4.2 Fighting
 + Level 3.2 Axes
 - Level 3.6 Armour
 + Level 1.6 Dodging
 + Level 4.2 Shields


You had 2 spell levels left.
You didn't know any spells.
Your spell library was empty.

Dungeon Overview and Level Annotations

Branches:
Dungeon (3/15)

Altars:

Shops:
D:1 *

Annotations:
D:2 Sigmund


Innate Abilities, Weirdness & Mutations

You have a pair of horns on your head.
You reflexively headbutt those who attack you in melee.


Message History

* * * LOW HITPOINT WARNING * * *
There is a stone staircase leading down here.
You can't go up here!
Something hits you but does no damage.
You climb downwards.
Reactivating autopickup.
Found a dark potion.
There is a stone staircase leading up here.
You start resting.
HP restored.
You climb upwards.
Level annotation: Sigmund
There is a stone staircase leading down here.
The kobold hits you but does no damage. Sigmund closely misses you.
The kobold hits you but does no damage.
You hit Sigmund but do no damage. Your headbutt misses Sigmund.
Sigmund is heavily wounded.
You hit the kobold.
You kill the kobold!
Sigmund casts a spell.
Sigmund flickers and vanishes!
Deactivating autopickup; reactivate with Ctrl-A.
Something hits you.
You barely miss something. You block something's attack.
You closely miss something. Your headbutt misses something.
You slash something! Something hits you but does no damage.
You closely miss something. Something hits you.
You miss something. You headbutt something.
You hear some strange, mumbled words.
A puff of flame appears from out of thin air!
The puff of flame hits you. Something hits you.
You barely miss something. You closely miss something.
Something hits you but does no damage.
You miss something. Something hits you.
You barely miss something. Your headbutt misses something.
Something hits you but does no damage.
You miss something. Something hits you!
* * * LOW HITPOINT WARNING * * *
You barely miss something. Something hits you!
You die...

$.###.#..###.....#>.... #.#
#.#..# ###......### #.###....##
###.....##
#.##......#######..#...
###.....##.......###...#.
#.....######..[..........
.#####...)†######..####......#
...........................#..
####....#.>.@####..#.........
###......####){##.....##......
###....:######......#####.......
##...#.....K....###### #.......
#!.....########## #.......
#..#.### #....... . #.
####.[..... . ........... ##
#####......


There were no monsters in sight!

Vanquished Creatures
  2 adders (D:2)
  A worm (D:2)
  10 ball pythons
  2 bats (D:1)
  4 endoplasms
  2 giant cockroaches
  2 goblins (D:1)
  2 hobgoblins
  3 kobolds
  2 quokkas (D:1)
  2 frilled lizards
  A rat (D:2)
33 creatures vanquished.

Notes
Turn   | Place    | Note
-------+----------+-------------------------------------------
     0 | D:1      | Joey1 the Minotaur Fighter began the quest for the Orb.
     0 | D:1      | Reached XP level 1. HP: 19/19 MP: 0/0
    15 | D:1      | Found Woyfopni's General Store.
   168 | D:1      | Reached XP level 2. HP: 27/27 MP: 1/1
   403 | D:1      | Reached skill level 1 in Dodging
   891 | D:2      | Reached XP level 3. HP: 33/33 MP: 2/2
  1090 | D:2      | Noticed Sigmund
  1246 | D:2      | Slain by Sigmund

Illustrated notes

Levels and vault maps discovered:
D:1:      dpeg_arrival_pits, layout_basic, serial_shops, shop
D:2:      layout_rooms, basic_altar, serial_shops, shop, uniq_sigmund
D:3:      layout_basic, uniq_terence, uniq_robin

Skill      XL: |  1  2 |
---------------+-------+-----
Dodging        | 1 |  1.6
Shields        | 4 |  4.2
Fighting       | 4 |  4.2
Axes           | 3 |  3.2
Armour         | |  3.6

Action                     || total
---------------------------++-------
  Melee: War axe           ||    87
         Headbutt          ||     8
 Armour: Scale mail        ||    62
  Dodge: Dodged            ||    44
  Block: Buckler           ||    10

Table legend: (Time is in decaauts)
 A = Elapsed time spent in this place.
 B = Non-inter-level travel time spent in this place.
 C = Inter-level travel time spent in this place.
 D = Time resting spent in this place.
 E = Time spent auto-exploring this place.
 F = Levels seen in this place.
 G = Mean time per level.
                   A        B        C        D        E       F      G
               +--------+--------+--------+--------+--------+-----+--------+
         Total |   1278 |   1243 |     35 |    101 |    890 |   3 |  426.0 |
       Dungeon |   1278 |   1243 |     35 |    101 |    890 |   3 |  426.0 |
               +--------+--------+--------+--------+--------+-----+--------+

Top non-repeatable levels by time:
     D:1: 896 daAuts
     D:2: 279 daAuts
     D:3: 102 daAuts
